AoeStats
← 一条固执的鱼

African Clearing

505921351Analyzed
3v3 RM · 21d ago on Sep 11, 2026· 52m 4s· 6 players
Game mode
Random Map
Map size
Normal (6 player)
Population
200
Speed
Normal
Resources
Standard
Victory
Conquest
Starting age
Dark Age
Ending age
Imperial Age
RankedLock teamsTeams togetherTeam positionsShared explorationLock speedFull tech treeHidden civsTurbo modeCheats
Victory
Defeat
🇨🇳 Mongols · China
1216
+16
🇨🇳 Vietnamese · China
1209
+16
🇨🇳 Huns · China
1199
+16
🇲🇿 Vietnamese · Mozambique
1230
-17
🇲🇿 Cumans · Mozambique
1206
-16
🇺🇸 Mongols · United States
1182
-15
Rob88Silva
6:28 Loom
7:02 Loom
13:40 Feudal Age
18:56 Castle Age
17:25 Double-Bit Axe
18:00 Fletching
18:29 Gold Mining
19:43 Bodkin Arrow
23:03 Ballistics
24:55 Padded Archer Armor
25:51 Bow Saw
26:55 Stone Mining
38:04 Leather Archer Armor
39:47 Wheelbarrow
43:38 Imperial Age
42:40 Hand Cart
44:44 Conscription
44:29 Bracer
45:35 Chemistry
45:18 Gold Shaft Mining
45:22 Scale Barding Armor
44:41 Light Cavalry
45:35 Bloodlines
46:45 Husbandry
47:21 Parthian Tactics
48:30 Chain Barding Armor
48:52 Stone Shaft Mining
51:41 Forging
Dengalenga
4:00 Loom
13:18 Feudal Age
14:14 Double-Bit Axe
15:10 Scale Mail Armor
25:04 Horse Collar
31:50 Castle Age
30:53 Town Watch
31:14 Fletching
32:11 Elite Skirmisher
32:57 Thumb Ring
33:35 Bodkin Arrow
33:56 Chain Mail Armor
36:18 Squires
36:18 Capped Ram
37:34 Bow Saw
37:41 Padded Archer Armor
38:58 Wheelbarrow
38:35 Heavy Plow
43:09 Imperial Age
45:56 Imperial Age
43:42 Hand Cart
44:15 Leather Archer Armor
45:26 Bloodlines
44:38 Light Cavalry
46:03 Imperial Skirmisher
47:39 Conscription
47:21 Steppe Husbandry
47:47 Squires
47:08 Pikeman
47:34 Arson
HunterX
6:33 Loom
13:26 Feudal Age
16:29 Double-Bit Axe
19:56 Fletching
22:18 Castle Age
21:10 Horse Collar
21:58 Fletching
22:27 Crossbowman
23:18 Bodkin Arrow
25:10 Padded Archer Armor
32:18 Leather Archer Armor
37:42 Bow Saw
37:35 Heavy Plow
39:08 Wheelbarrow
38:18 Town Watch
44:50 Ballistics
45:56 Scale Mail Armor
46:06 Forging
48:45 Imperial Age
48:44 Treadmill Crane
49:50 Chain Mail Armor
50:11 Iron Casting
一条固执的鱼
9:57 Loom
13:18 Feudal Age
16:27 Fletching
24:30 Castle Age
22:42 Double-Bit Axe
23:41 Gold Mining
29:25 Bodkin Arrow
32:20 Padded Archer Armor
33:01 Wheelbarrow
34:36 Hand Cart
42:19 Imperial Age
41:10 Husbandry
41:21 Bloodlines
41:32 Forging
42:20 Horse Collar
43:45 Iron Casting
43:11 Scale Mail Armor
43:48 Scale Barding Armor
43:31 Elite Battle Elephant
44:21 Chatras
45:42 Chain Barding Armor
47:00 Plate Barding Armor
809591945
6:01 Loom
14:13 Feudal Age
15:21 Town Watch
18:21 Castle Age
16:28 Double-Bit Axe
16:50 Gold Mining
17:44 Fletching
19:09 Bodkin Arrow
21:19 Husbandry
22:46 Padded Archer Armor
27:43 Ballistics
27:45 Horse Collar
29:57 Heavy Plow
30:09 Bow Saw
34:10 Leather Archer Armor
35:28 Wheelbarrow
37:47 Imperial Age
37:45 Bloodlines
38:31 Bracer
39:48 Chemistry
40:54 Parthian Tactics
40:39 Elite Mangudai
42:16 Conscription
42:05 Light Cavalry
44:31 Hand Cart
45:20 Hussar
48:34 Capped Ram
49:59 Nomads
51:11 Coinage
50:18 Siege Ram
51:05 Stone Mining
52:44 Banking
沉着 冷静
12:52 Feudal Age
12:37 Loom
14:30 Double-Bit Axe
16:48 Castle Age
14:40 Horse Collar
14:51 Fletching
15:50 Padded Archer Armor
17:24 Bodkin Arrow
18:37 Bow Saw
20:47 Husbandry
22:42 Ballistics
23:48 Leather Archer Armor
25:27 Bloodlines
27:30 Heavy Plow
30:33 Gold Mining
30:33 Stone Mining
34:47 Imperial Age
32:49 Thumb Ring
32:56 Town Watch
34:28 Wheelbarrow
36:27 Chemistry
35:29 Bracer
35:55 Parthian Tactics
36:08 Hand Cart
36:03 Heavy Cavalry Archer
37:40 Conscription
39:41 Coinage
41:09 Banking
47:32 Gold Shaft Mining
50:19 Two-Man Saw
52:51 Masonry
Connection lost

Rejoining the realm…

Still unreachable

The connection could not be restored.

Session expired

The server has moved on; the page needs a fresh start.